Map: 暮色之塔

Players

shengy - Winner!

  • Race: Zerg Zerg
  • League: Platinum

GiMbO

  • Race: Zerg Zerg
  • League: Platinum

VOD

Have the link to the VOD?

Description

Time

  • Played on: Dec. 25, 2015, 9:25 p.m.
  • Length: 6:00
Show
View Real Time Build Order
Export as new Build Order

shengy Zerg - Winner!

Build Orders: Pool First 

Get SALT Encoding   

  12  0:01  Drone  
  13  0:09  Drone  
  14  0:17  Overlord  
  14  0:35  Drone x3  
  17  0:47  Spawning Pool  
  16  0:51  Drone  
  18  0:57  Drone  
  18  1:14  Extractor  
  17  1:28  Hatchery  
  16  1:35  Queen  
  17  1:40  Zergling x6  
  20  1:47  Spine Crawler  
  20  1:52  Overlord  
  19  2:02  Drone  
  20  2:14  Drone  
  21  2:25  Drone  
  21  2:26  Metabolic Boost  
  22  2:35  Zergling x2  
  23  2:47  Queen  
  23  2:49  Zergling x8  
  29  2:57  Baneling Nest  
  16  3:23  Zergling x2  
  16  3:24  Zergling x6  
  17  3:33  Drone  
  18  3:38  Zergling x2  
  19  3:41  Baneling x2  
  18  4:02  Baneling x3  
  17  4:05  Zergling x8  
  21  4:12  Drone  
  21  4:16  Zergling x2  
  23  4:30  Baneling  
  17  5:00  Extractor  
  17  5:01  Zergling x14  
  17  5:02  Zergling x2  
  17  5:03  Baneling  
  17  5:04  Baneling  
  24  5:15  Drone  
  24  5:21  Baneling  
  24  5:34  Drone x3  
  24  5:35  Drone  
  28  5:45  Drone  
Show
View Real Time Build Order
Export as new Build Order

GiMbO Zerg 

Build Orders: Pool Only, Zergling Baneling 

Get SALT Encoding   

  12  0:02  Drone  
  13  0:09  Drone  
  14  0:17  Extractor  
  13  0:28  Spawning Pool  
  12  0:34  Drone  
  13  0:38  Drone  
  14  0:48  Overlord  
  14  1:14  Queen  
  14  1:17  Zergling x6  
  19  1:24  Metabolic Boost  
  19  1:30  Zergling x2  
  20  1:44  Zergling x2  
  21  1:50  Overlord  
  21  1:59  Baneling Nest  
  20  2:02  Drone  
  21  2:13  Zergling x2  
  22  2:23  Zergling x2  
  22  2:24  Zergling x4  
  25  2:35  Overlord  
  25  2:43  Baneling x6  
  25  2:52  Zergling x2  
  25  2:57  Zergling x2  
  27  3:01  Zergling x4  
  29  3:19  Zergling x4  
  26  3:22  Zergling x2  
  23  3:31  Baneling x2  
  23  3:33  Zergling x4  
  25  3:36  Zergling x2  
  26  3:43  Zergling x2  
  25  3:57  Zergling x2  
  25  3:58  Zergling x2  
  26  4:08  Zergling x6  
  29  4:10  Baneling x2  
  29  4:11  Baneling  
  29  4:12  Baneling  
  29  4:17  Zergling x2  
  29  4:23  Zergling x2  
  30  4:36  Zergling x2  
  30  4:49  Zergling x6  
  24  5:02  Baneling x4  
  24  5:03  Baneling x2  
  24  5:04  Zergling x2  
  25  5:12  Drone  
  23  5:32  Baneling x2  
  23  5:33  Zergling x4  
  25  5:36  Zergling x6  
  28  5:44  Drone  
Tags
 
Add a new tag
Caveats
  • Supply blocks, unpowered buildings, or Contaminate may cause inaccurate times.
  • Supply counts are checked every 10 seconds.